 Dungeon Sprint DCSS version 0.24.1-14-gf8d2b509d9 (webtiles) character file.

Game seed: 4333472257530199515, levelgen mode: deterministic

109 xian the Fighter (level 4, 0/49 HPs)
             Began as a Minotaur Abyssal Knight on May 14, 2022.
             Was a Believer of Lugonu.
             Killed from afar by Sigmund (3 damage)
             ... with a magic dart
             ... in the Dungeon (Sprint I: "Red Sonja").
             The game lasted 00:03:19 (304 turns).

xian the Fighter (Minotaur Abyssal Knight)           Turns: 304, Time: 00:03:21

Health: 0/49       AC:  3    Str: 17    XL:     4   Next: 60%
Magic:  5/5        EV: 11    Int:  9    God:    Lugonu [**....]
Gold:   54         SH:  0    Dex: 10    Spells: 3/3 levels left

rFire    . . .     SeeInvis .   a - +1 falchion
rCold    . . .     Gourm    .   (no shield)
rNeg     . . .     Faith    .   b - +0 leather armour
rPois    .         Spirit   .   (helmet restricted)
rElec    .         Reflect  .   (no cloak)
rCorr    .         Harm     .   (no gloves)
MR       .....     NoTele   +   (no boots)
Stlth    +.........             (no amulet)
HPRegen  0.16/turn              (no ring)
MPRegen  0.09/turn              (no ring)

@: no status effects
A: retaliatory headbutt, horns 2
a: Bend Space, Renounce Religion


You were in the Dungeon.
You worshipped Lugonu.
Lugonu was pleased with you.
You were not hungry.

You visited 1 branch You collected 54 gold pieces.

Inventory:

Hand Weapons
 a - a +1 falchion (weapon)
Armour
 b - a +0 leather armour (worn)
Scrolls
 i - a scroll of blinking
Potions
 d - a potion of curing
 e - a potion of heal wounds
 f - a potion of haste
 g - 2 potions of magic
 h - a potion of berserk rage
Comestibles
 c - a ration


   Skills:
 + Level 8.9 Fighting
 + Level 5.3 Long Blades
 + Level 4.9 Armour
 + Level 1.2 Dodging
 + Level 3.3 Invocations


You had 3 spell levels left.
You didn't know any spells.
Your spell library was empty.

Dungeon Overview and Level Annotations

Branches:
Dungeon (1/1)

Altars:

Annotations:
D Sigmund


Innate Abilities, Weirdness & Mutations

You reflexively headbutt those who attack you in melee.
You have a pair of horns on your head.


Message History

Sigmund freezes you.
You hit Sigmund.
Sigmund is almost dead.
You barely miss Sigmund.
Sigmund is almost dead.
Sigmund hits you but does no damage.
You hit Sigmund but do no damage.
Sigmund is almost dead.
Sigmund hits you with a +2 scythe of freezing!
* * * LOW HITPOINT WARNING * * *
Sigmund freezes you.
* * * LOW HITPOINT WARNING * * *
You hit Sigmund.
Sigmund is almost dead.
You hit Sigmund. Your headbutt misses Sigmund.
Sigmund is almost dead.
Sigmund says, "Your kind have come here before.
I understand now why.
You desire death..."
Sigmund points at you and mumbles some strange words.
The magic dart hits you.
You die...

#############
#<.#..)..#.@+
#..'[.#..'@.#
#..#####'####
#..# #..#
#..# ####
#..# #⌠⌠#
####


You could see Sigmund.

Vanquished Creatures
  An ogre (D)
  Ijyb (D)
2 creatures vanquished.

Vanquished Creatures (others)
  A gargoyle (D)
1 creature vanquished.

Grand Total: 3 creatures vanquished

Notes
Turn   | Place    | Note
-------+----------+-------------------------------------------
     0 | D        | xian the Minotaur Abyssal Knight began the quest for the
                  | Orb.
     0 | D        | Reached XP level 1. HP: 19/19 MP: 1/1
     2 | D        | Noticed Ijyb
    13 | D        | Killed Ijyb
    13 | D        | Reached skill level 6 in Fighting
    13 | D        | Reached XP level 2. HP: 17/31 MP: 2/2
    19 | D        | Noticed an ogre
    27 | D        | Killed an ogre
    27 | D        | Reached ** piety under Lugonu
    27 | D        | Reached skill level 8 in Fighting
    27 | D        | Reached skill level 5 in Long Blades
    27 | D        | Reached XP level 3. HP: 8/41 MP: 2/4
    27 | D        | Reached XP level 4. HP: 9/49 MP: 2/5
   209 | D        | Killed a gargoyle
   289 | D        | Noticed Sigmund
   304 | D        | Killed from afar by Sigmund

Levels and vault maps discovered:
D:        dungeon_sprint_1 [red_sonja_temple_1, red_sonja_temple_small_1]

Skill      XL: |  1  2 |
---------------+-------+-----
Fighting       | 6 8 |  8.9
Long Blades    | 3 5 |  5.3
Armour         | 3 4 |  4.9
Invocations    | 2 3 |  3.3
Dodging        | |  1.2

Action                   |  1- 3 |  4- 6 || total
-------------------------+-------+-------++-------
Melee: Falchion          |    18 |    12 ||    30
       Headbutt          |     2 |       ||     2
Invok: Bend Space        |       |     1 ||     1
Armor: Leather armour    |     1 |     1 ||     2
Dodge: Dodged            |     9 |     3 ||    12
       Rpst.: Falchion   |     1 |     1 ||     2
